 Dungeon Crawl Stone Soup version 0.18.1-8-gdd0e5ea (webtiles) character file.

53 M4edhros the Grave Robber (level 3, -6/21 HPs)
             Began as an Octopode Necromancer on May 25, 2016.
             Mangled by a goblin
             ... wielding a +0 dagger
             ... led by Robin
              (8 damage)
             ... on level 2 of the Dungeon.
             The game lasted 00:03:19 (495 turns).

M4edhros the Grave Robber (Octopode Necromancer)     Turns: 495, Time: 00:03:20

Health: -6/21      AC:  1    Str:  9    XL:     3   Next: 87%
Magic:  6/6        EV: 12    Int: 17    God:
Gold:   44         SH:  0    Dex: 13    Spells: 3 memorised, 1 level left

rFire  . . .     SeeInvis .       - Unarmed
rCold  . . .     Gourm    .     (no shield)
rNeg   . . .     Faith    .     (helmet restricted)
rPois  .         Spirit   .     (no amulet)
rElec  .         Dismiss  .     (no ring)
rCorr  .         Reflect  .     (no ring)
SustAt .         Harm     .     (no ring)
MR     .....                    (no ring)
Stlth  +++.......               (no ring)
                                (no ring)
                                (no ring)
                                (no ring)

@: not resistant to hostile enchantments, fairly stealthy
A: almost no armour, amphibious, 8 rings, constrict 8, camouflage 1, strong 1,
gelatinous body 1
a: no special abilities


You were on level 2 of the Dungeon.
You were not hungry.

You visited 1 branch of the dungeon, and saw 2 of its levels.

You collected 44 gold pieces.

Inventory:

Armour
 f - a +0 buckler
Jewellery
 m - an uncursed ring of ice {unknown}
Scrolls
 d - a scroll of immolation {unknown}
 e - 2 scrolls of identify {unknown}
 g - a scroll of enchant armour {unknown}
 l - a scroll of fear {unknown}
Books
 a - a book of Necromancy

   Spells                             Type                      Level
   a - Pain                           Necromancy                   1
   b - Animate Skeleton               Necromancy                   1
   c - Vampiric Draining              Necromancy                   3
   d - Regeneration                   Charms/Necromancy            3
   e - Animate Dead                   Necromancy                   4
   f - Control Undead                 Necromancy                   4
Comestibles
 b - 2 bread rations
 c - 2 slices of pizza
 i - a royal jelly
 j - 5 chunks of flesh


   Skills:
 - Level 2.0 Dodging
 - Level 2.6 Stealth
 + Level 3.3 Unarmed Combat
 - Level 2.0 Spellcasting
 - Level 4.0 Necromancy


You had one spell level left.
You knew the following spells:

 Your Spells              Type           Power        Failure   Level  Hunger
a - Pain                  Necr           ###.         3%          1    #......
b - Animate Skeleton      Necr           N/A          3%          1    #......
r - Regeneration          Chrm/Necr      #.........   24%         3    ###....


Dungeon Overview and Level Annotations

Branches:
Dungeon (2/15)

Altars:

Annotations:
D:2 Robin


Innate Abilities, Weirdness & Mutations

You cannot wear most types of armour.
You are amphibious.
You can wear up to eight rings at the same time.
You can use your tentacles to constrict eight enemies at once.
Your skin changes colour to match your surroundings (Stealth).
Your rubbery body absorbs attacks (AC +1).
Your muscles are strong. (Str +2)


Message History

You release your grip on the goblin. x2
Robin points. "Kill!"
Robin throws the goblin at you! The goblin hits you with a dagger.
Robin throws the goblin at you! The goblin hits you but does no damage.
The goblin hits you.
* * * LOW HITPOINT WARNING * * *
There is a stone staircase leading down here.
The goblin closely misses you.
Drink which item? (? for menu, Esc to quit)
Okay, then.
You see here 8 gold pieces.
Drink which item? (? for menu, Esc to quit)
It was a potion of beneficial mutation.
You feel stronger.
You feel fantastic! The goblin barely misses you.
The goblin hits you with a dagger.
* * * LOW HITPOINT WARNING * * *
As you open the door, it creaks loudly! The goblin barely misses you.
The goblin hits you with a dagger!
You die...

..#.......###......≈≈
.......##...†).....≈.
.......##...()......≈
......##.g........≈≈♣
###....................≈♣
#.....##..gg.....###...≈
##.#...##ggg>..........≈≈ #
.......#ggg..........#.≈ ##.
##.....#@#...........#≈≈ ..
...##......#'#...........#
..####.......................#
.......#.#........[######.....≈≈♣
...................# ......≈≈≈
.....#####.........# [........≈..
.......###.........#......##...≈≈
###................#......##...≈♣
.......##+##########.....)##..≈≈♣


You could see Robin and 8 goblins.

Vanquished Creatures
  Terence (D:2)
  2 giant geckos (D:2)
  A ball python (D:1)
  A giant cockroach (D:1)
  3 goblins
  A hobgoblin (D:2)
  5 kobolds
  3 bats
  A giant newt (D:2)
  2 rats (D:1)
20 creatures vanquished.

Vanquished Creatures (collateral kills)
  A worm (D:2)
  A giant cockroach (D:1)
  A goblin (D:1)
3 creatures vanquished.

Grand Total: 23 creatures vanquished

Notes
Turn   | Place    | Note
--------------------------------------------------------------
     0 | D:1      | M4edhros the Octopode Necromancer began the quest for the Orb.
     0 | D:1      | Reached XP level 1. HP: 11/11 MP: 3/3
    18 | D:1      | Learned a level 1 spell: Animate Skeleton
    65 | D:1      | Reached skill level 1 in Unarmed Combat
    75 | D:1      | Reached XP level 2. HP: 15/17 MP: 5/5
   361 | D:2      | Noticed Terence
   379 | D:2      | Killed Terence
   379 | D:2      | Reached XP level 3. HP: 2/21 MP: 0/6
   387 | D:2      | Learned a level 3 spell: Regeneration
   483 | D:2      | Noticed Robin
   494 | D:2      | Gained mutation: Your muscles are strong. (Str +2) [potion of beneficial mutation]
   495 | D:2      | Mangled by a goblin

Skill      XL: |  1  2 |
---------------+-------+-----
Unarmed Combat | 1 3 |  3.3
Dodging        | |  2.0
Stealth        | |  2.6
Spellcasting   | |  2.0
Necromancy     | |  4.0

Action                   || total
-------------------------++-------
Melee: Unarmed           ||    24
       Constrict         ||    12
       Tentacles         ||     7
 Cast: Pain              ||    20
       Animate Skeleton  ||     7
  Use: Potion            ||     4
 Stab: Sleeping          ||     3
       Distracted        ||     1
Armor: Skin              ||     6
Dodge: Dodged            ||    16
